TOP OF THE 1ST |
Hamilton Ross Rams batting - Pitching for University of Florida Gators : RHP Elliot Gallagher
|
Pitching: RHP Elliot Gallagher
|
|
Batting: LHB Addergoole Kartosuwiryo
|
0-0: Ball 1-0: Foul Ball, location: 2F 1-1: Foul Ball, location: 2F 1-2: SOLO HOME RUN (Flyball, 89XD, EV 113.1 MPH), Distance : 415 ft
|
Batting: RHB Giovonni Melis
|
0-0: Foul Ball, location: 2F 0-1: Ball 1-1: Ball 2-1: Ball 3-1: Foul Ball, location: 2F 3-2: DOUBLE (Groundball, 5L, EV 107.5 MPH)
|
Batting: RHB Burke Miller
|
0-0: Ball 1-0: Ball 2-0: Foul Ball, location: 2F 2-1: Foul Ball, location: 2F 2-2: Ground out 6-3 (Groundball, 6, EV 86.2 MPH)
|
Batting: LHB Miguel Silveira
|
0-0: Ball 1-0: Ball 2-0: Ball 3-0: Called Strike 3-1: Base on Balls
|
Batting: RHB Christian Leschak
|
0-0: Called Strike 0-1: Ball 1-1: Foul Ball, location: 2F 1-2: Ball 2-2: 3-RUN HOME RUN (Flyball, 9LD, EV 94.4 MPH), Distance : 350 ft
|
Batting: SHB Steve Bailey
|
0-0: Foul Ball, location: 2F 0-1: Foul Ball, location: 2F 0-2: Foul Ball, location: 2F 0-2: Strikes out swinging
|
Batting: RHB Sam Costello
|
0-0: Ball 1-0: Ground out 5-3 (Groundball, 25, EV 76.9 MPH)
|
Top of the 1st over - 4 runs, 3 hits, 0 errors, 0 left on base; Hamilton Ross 4 - University of Florida 0 |
BOTTOM OF THE 1ST |
University of Florida Gators batting - Pitching for Hamilton Ross Rams : RHP Matt Pepin
|
Pitching: RHP Matt Pepin
|
|
Batting: RHB Jiao-long Zhào
|
0-0: Called Strike 0-1: SOLO HOME RUN (Flyball, 78XD, EV 108.1 MPH), Distance : 417 ft
|
Batting: LHB Roy Davies
|
0-0: Ball 1-0: Ball 2-0: Ground out 6-3 (Groundball, 4M, EV 106.2 MPH)
|
Batting: RHB Gong-sun Law
|
0-0: Called Strike 0-1: Ball 1-1: Foul Ball, location: 2F 1-2: Ball 2-2: SINGLE (Flyball, 3D, EV 101.9 MPH)
|
Batting: SHB Nelson Carachure
|
0-0: Foul Ball, location: 2F 0-1: Swinging Strike 0-2: Foul Ball, location: 2F 0-2: Ball Gong-sun Law steals 2nd base 1-2: Ball 2-2: Fly out, F8 (Flyball, 89M, EV 89.4 MPH)
|
Batting: RHB Lião Weishampt
|
0-0: Ball 1-0: Ball 2-0: Ball 3-0: Called Strike 3-1: Swinging Strike 3-2: Base on Balls
|
Batting: SHB Tokuichi Ishida
|
0-0: Ball 1-0: Ground out U3 (Groundball, 34S, EV 87.5 MPH)
|
Bottom of the 1st over - 1 run, 2 hits, 0 errors, 2 left on base; Hamilton Ross 4 - University of Florida 1 |
TOP OF THE 2ND |
Hamilton Ross Rams batting - Pitching for University of Florida Gators : RHP Elliot Gallagher
|
Batting: LHB Jose Lopez
|
0-0: Called Strike 0-1: Foul Ball, location: 2F 0-2: Strikes out swinging
|
Batting: RHB Mark Kerr
|
0-0: Ball 1-0: Ball 2-0: Called Strike 2-1: Ball 3-1: Foul Ball, location: 2F 3-2: Fly out, F9 (Flyball, 9, EV 75.6 MPH)
|
Batting: LHB Addergoole Kartosuwiryo
|
0-0: Ball 1-0: Ball 2-0: Foul Ball, location: 2F 2-1: Foul Ball, location: 2F 2-2: Strikes out swinging
|
Top of the 2nd over - 0 runs, 0 hits, 0 errors, 0 left on base; Hamilton Ross 4 - University of Florida 1 |
BOTTOM OF THE 2ND |
University of Florida Gators batting - Pitching for Hamilton Ross Rams : RHP Matt Pepin
|
Batting: SHB Pat Justice
|
0-0: Ball 1-0: Foul Ball, location: 2F 1-1: Foul Ball, location: 2F 1-2: Ball 2-2: SOLO HOME RUN (Flyball, 9D, EV 105.6 MPH), Distance : 388 ft
|
Batting: RHB Juan Lopez
|
0-0: Ground out 4-3 (Groundball, 4, EV 78.8 MPH)
|
Batting: RHB Vince Trussell
|
0-0: Swinging Strike 0-1: Swinging Strike 0-2: Ball 1-2: Strikes out swinging
|
Batting: RHB Jiao-long Zhào
|
0-0: Called Strike 0-1: Called Strike 0-2: Ball 1-2: Ball 2-2: Ball 3-2: Ground out 5-3 (Groundball, 5, EV 111.9 MPH)
|
Bottom of the 2nd over - 1 run, 1 hit, 0 errors, 0 left on base; Hamilton Ross 4 - University of Florida 2 |
TOP OF THE 3RD |
Hamilton Ross Rams batting - Pitching for University of Florida Gators : RHP Elliot Gallagher
|
Batting: RHB Giovonni Melis
|
0-0: Called Strike 0-1: Ball 1-1: Ball 2-1: Ball 3-1: Base on Balls
|
Batting: RHB Burke Miller
|
0-0: Ball 1-0: Ball 2-0: Called Strike 2-1: Swinging Strike 2-2: Fielders Choice at 2nd, 1-4 (Groundball, 15S, EV 68.8 MPH)
|
Batting: LHB Miguel Silveira
|
0-0: Foul Ball, location: 2F 0-1: Foul Ball, location: 2F 0-2: Ball 1-2: Ground out 4-3 (Groundball, 34S, EV 85.6 MPH) Burke Miller to second
|
Batting: RHB Christian Leschak
|
0-0: Ball 1-0: Swinging Strike 1-1: Foul Ball, location: 2F 1-2: Fly out, F4 (Popup, 34D, EV 48.1 MPH)
|
Top of the 3rd over - 0 runs, 0 hits, 0 errors, 1 left on base; Hamilton Ross 4 - University of Florida 2 |
BOTTOM OF THE 3RD |
University of Florida Gators batting - Pitching for Hamilton Ross Rams : RHP Matt Pepin
|
Batting: LHB Roy Davies
|
0-0: Called Strike 0-1: DOUBLE (Flyball, 8RD, EV 109.4 MPH)
|
Batting: RHB Gong-sun Law
|
0-0: Ball 1-0: Ball 2-0: Foul Ball, location: 2F 2-1: SINGLE (Groundball, 56S, EV 71.2 MPH) (infield hit) Roy Davies to third
|
Batting: SHB Nelson Carachure
|
0-0: Called Strike 0-1: Called Strike 0-2: SINGLE (Groundball, 3S, EV 73.1 MPH) (infield hit) Roy Davies scores Gong-sun Law to second
|
Batting: RHB Lião Weishampt
|
0-0: Foul Ball, location: 2F 0-1: DOUBLE (Groundball, 5L, EV 96.2 MPH) Gong-sun Law scores Nelson Carachure to third
|
Batting: SHB Tokuichi Ishida
|
0-0: Swinging Strike 0-1: Called Strike 0-2: Ball 1-2: Ball 2-2: DOUBLE (Line Drive, 8RD, EV 98.1 MPH) Nelson Carachure scores Lião Weishampt scores
|
Pitching: RHP Gerald Heemskerk
|
|
Batting: SHB Pat Justice
|
0-0: Ball 1-0: Foul Ball, location: 2F 1-1: Fly out, F4 (Popup, 4S, EV 71.2 MPH)
|
Batting: RHB Juan Lopez
|
0-0: Swinging Strike 0-1: SINGLE (Groundball, 6MD, EV 106.2 MPH) Tokuichi Ishida to third Runner from 3rd tries for Home, SAFE, throw by CF to home
|
Batting: RHB Vince Trussell
|
0-0: Ball 1-0: Called Strike 1-1: Ball 2-1: Foul Ball, location: 2F 2-2: Ball 3-2: Strikes out swinging
|
Batting: RHB Jiao-long Zhào
|
0-0: Ball Juan Lopez steals 2nd base 1-0: Swinging Strike 1-1: Fly out, F8 (Flyball, 8RD, EV 93.8 MPH)
|
Bottom of the 3rd over - 5 runs, 6 hits, 0 errors, 1 left on base; Hamilton Ross 4 - University of Florida 7 |
TOP OF THE 4TH |
Hamilton Ross Rams batting - Pitching for University of Florida Gators : RHP Elliot Gallagher
|
Batting: SHB Steve Bailey
|
0-0: Called Strike 0-1: Ball 1-1: Ball 2-1: Foul Ball, location: 2F 2-2: Strikes out looking
|
Batting: RHB Sam Costello
|
0-0: Called Strike 0-1: Ground out 6-3 (Groundball, 6S, EV 88.8 MPH)
|
Batting: LHB Jose Lopez
|
0-0: Ball 1-0: Ground out 5-3 (Groundball, 56S, EV 81.9 MPH)
|
Top of the 4th over - 0 runs, 0 hits, 0 errors, 0 left on base; Hamilton Ross 4 - University of Florida 7 |
BOTTOM OF THE 4TH |
University of Florida Gators batting - Pitching for Hamilton Ross Rams : RHP Gerald Heemskerk
|
Batting: LHB Roy Davies
|
0-0: Called Strike 0-1: Fly out, F9 (Flyball, 9LSF, EV 83.1 MPH)
|
Batting: RHB Gong-sun Law
|
0-0: Foul Ball, location: 2F 0-1: Ball 1-1: Ball 2-1: Swinging Strike 2-2: Strikes out swinging
|
Batting: SHB Nelson Carachure
|
0-0: Ball 1-0: Ball 2-0: Called Strike 2-1: Ground out 5-3 (Groundball, 56, EV 108.8 MPH)
|
Bottom of the 4th over - 0 runs, 0 hits, 0 errors, 0 left on base; Hamilton Ross 4 - University of Florida 7 |
TOP OF THE 5TH |
Hamilton Ross Rams batting - Pitching for University of Florida Gators : RHP Elliot Gallagher
|
Batting: RHB Mark Kerr
|
0-0: Ball 1-0: Called Strike 1-1: SINGLE (Flyball, 89S, EV 91.9 MPH)
|
Batting: LHB Addergoole Kartosuwiryo
|
0-0: Ball 1-0: SINGLE (Groundball, 56D, EV 101.2 MPH) Mark Kerr to second
|
Batting: RHB Giovonni Melis
|
0-0: Ball 1-0: Called Strike 1-1: Foul Ball, location: 2F 1-2: Fielders Choice at 2nd, 3-6 (Groundball, 3S, EV 88.8 MPH) Mark Kerr to third
|
Batting: RHB Burke Miller
|
0-0: Ball Giovonni Melis is caught stealing 2nd base 2-4 1-0: Ball 2-0: Fly out, F3 (Popup, 3SF, EV 75.0 MPH)
|
Top of the 5th over - 0 runs, 2 hits, 0 errors, 1 left on base; Hamilton Ross 4 - University of Florida 7 |
BOTTOM OF THE 5TH |
University of Florida Gators batting - Pitching for Hamilton Ross Rams : RHP Gerald Heemskerk
|
Batting: RHB Lião Weishampt
|
0-0: Swinging Strike 0-1: Called Strike 0-2: Ball 1-2: Ball 2-2: Foul Ball, location: 2F 2-2: Ball 3-2: Ground out 5-3 (Groundball, 5, EV 108.8 MPH)
|
Batting: SHB Tokuichi Ishida
|
0-0: Called Strike 0-1: Ball 1-1: Fly out, F8 (Flyball, 8LS, EV 80.0 MPH)
|
Batting: SHB Pat Justice
|
0-0: Ground out U3 (Groundball, 3, EV 104.4 MPH)
|
Bottom of the 5th over - 0 runs, 0 hits, 0 errors, 0 left on base; Hamilton Ross 4 - University of Florida 7 |
TOP OF THE 6TH |
Hamilton Ross Rams batting - Pitching for University of Florida Gators : RHP Elliot Gallagher
|
Batting: LHB Miguel Silveira
|
0-0: Ball 1-0: Foul Ball, location: 2F 1-1: Swinging Strike 1-2: Strikes out swinging
|
Batting: RHB Christian Leschak
|
0-0: Ball 1-0: Ball 2-0: Called Strike 2-1: Foul Ball, location: 2F 2-2: Ball 3-2: Base on Balls
|
Batting: SHB Steve Bailey
|
0-0: Called Strike Christian Leschak steals 2nd base 0-1: Ball 1-1: Ball 2-1: Called Strike 2-2: Strikes out looking
|
Pitching: RHP Sam Rekowski
|
|
Batting: RHB Sam Costello
|
0-0: Swinging Strike 0-1: Ball 1-1: SINGLE (Groundball, 4MS, EV 60.0 MPH) (infield hit) Christian Leschak to third
|
Batting: LHB Jose Lopez
|
0-0: Ball 1-0: Ball 2-0: Called Strike 2-1: Ball 3-1: Foul Ball, location: 2F 3-2: Strikes out swinging wild pitch, reaches first! Christian Leschak scores Sam Costello to second
|
Batting: RHB Mark Kerr
|
0-0: Foul Ball, location: 2F 0-1: Ball 1-1: Ball 2-1: Called Strike 2-2: Ball 3-2: Fly out, F9 (Flyball, 89D, EV 85.6 MPH)
|
Top of the 6th over - 1 run, 1 hit, 0 errors, 2 left on base; Hamilton Ross 5 - University of Florida 7 |
BOTTOM OF THE 6TH |
University of Florida Gators batting - Pitching for Hamilton Ross Rams : RHP Gerald Heemskerk
|
Batting: RHB Juan Lopez
|
0-0: Called Strike 0-1: Ball 1-1: Foul Ball, location: 2F 1-2: Strikes out looking
|
Batting: RHB Vince Trussell
|
0-0: Foul Ball, location: 2F 0-1: Foul Ball, location: 2F 0-2: Strikes out swinging
|
Batting: RHB Jiao-long Zhào
|
0-0: Ball 1-0: Called Strike 1-1: Fly out, F8 (Flyball, 8RD, EV 90.0 MPH)
|
Bottom of the 6th over - 0 runs, 0 hits, 0 errors, 0 left on base; Hamilton Ross 5 - University of Florida 7 |
TOP OF THE 7TH |
Hamilton Ross Rams batting - Pitching for University of Florida Gators : RHP Sam Rekowski
|
Batting: LHB Addergoole Kartosuwiryo
|
0-0: Ball 1-0: Ball 2-0: Called Strike 2-1: Foul Ball, location: 2F 2-2: Ball 3-2: Strikes out looking
|
Batting: RHB Giovonni Melis
|
0-0: Ball 1-0: Called Strike 1-1: Swinging Strike 1-2: Strikes out looking
|
Batting: RHB Burke Miller
|
0-0: Called Strike 0-1: Ball 1-1: Ball 2-1: Called Strike 2-2: Strikes out swinging
|
Top of the 7th over - 0 runs, 0 hits, 0 errors, 0 left on base; Hamilton Ross 5 - University of Florida 7 |
BOTTOM OF THE 7TH |
University of Florida Gators batting - Pitching for Hamilton Ross Rams : RHP Gerald Heemskerk
|
Pitching: RHP Kieran Jesso
|
|
Batting: LHB Roy Davies
|
0-0: Ball 1-0: Ball 2-0: Ball 3-0: Called Strike 3-1: DOUBLE (Line Drive, 7LS, EV 103.8 MPH)
|
Batting: RHB Gong-sun Law
|
0-0: Ball 1-0: Called Strike 1-1: Foul Ball, location: 2F 1-2: Ball 2-2: Strikes out looking
|
Batting: SHB Nelson Carachure
|
0-0: Fly out, F8 (Flyball, 8LM, EV 93.8 MPH)
|
Batting: RHB Lião Weishampt
|
0-0: Ball 1-0: Fly out, F8 (Flyball, 8LM, EV 89.4 MPH)
|
Bottom of the 7th over - 0 runs, 1 hit, 0 errors, 1 left on base; Hamilton Ross 5 - University of Florida 7 |
TOP OF THE 8TH |
Hamilton Ross Rams batting - Pitching for University of Florida Gators : RHP Sam Rekowski
|
Batting: LHB Miguel Silveira
|
0-0: Ball 1-0: Fly out, F9 (Flyball, 9D, EV 97.5 MPH)
|
Batting: RHB Christian Leschak
|
0-0: Fly out, F8 (Flyball, 8LD, EV 85.0 MPH)
|
Batting: SHB Steve Bailey
|
0-0: Ball 1-0: Called Strike 1-1: Foul Ball, location: 2F 1-2: Ground out 6-3 (Groundball, 6, EV 79.4 MPH)
|
Top of the 8th over - 0 runs, 0 hits, 0 errors, 0 left on base; Hamilton Ross 5 - University of Florida 7 |
BOTTOM OF THE 8TH |
University of Florida Gators batting - Pitching for Hamilton Ross Rams : RHP Kieran Jesso
|
Batting: SHB Tokuichi Ishida
|
0-0: Called Strike 0-1: SINGLE (Groundball, 15S, EV 72.5 MPH) (infield hit)
|
Batting: SHB Pat Justice
|
0-0: Called Strike 0-1: Bunt missed! 0-2: Strikes out swinging Tokuichi Ishida is caught stealing 2nd base 2-6 Batter strikes out.
|
Batting: RHB Juan Lopez
|
0-0: Ball 1-0: Ground out 6-3 (Groundball, 6, EV 82.5 MPH)
|
Bottom of the 8th over - 0 runs, 1 hit, 0 errors, 0 left on base; Hamilton Ross 5 - University of Florida 7 |
TOP OF THE 9TH |
Hamilton Ross Rams batting - Pitching for University of Florida Gators : RHP Sam Rekowski
|
Pitching: RHP Danny Crespo
|
|
Now at 1B: Manny Harrison
|
|
Batting: RHB Sam Costello
|
0-0: Ball 1-0: SINGLE (Groundball, 56D, EV 104.4 MPH)
|
Batting: LHB Jose Lopez
|
0-0: Ball 1-0: Grounds into double play, 5-4-3 (Groundball, 56, EV 85.0 MPH)
|
Pinch Hitting: RHB C.J. Fleet
|
0-0: Called Strike 0-1: Swinging Strike 0-2: Ball 1-2: Strikes out swinging
|
Top of the 9th over - 0 runs, 1 hit, 0 errors, 0 left on base; Hamilton Ross 5 - University of Florida 7 |
|